 Dungeon Crawl Stone Soup version 0.25.1-3-ge44b62a0b3 (webtiles) character file.

Game seed: 11001378387840331960

112 Mrkan the Poker (level 4, -5/35 HPs)
             Began as a Merfolk Gladiator on Nov 22, 2020.
             Was an Initiate of Ru.
             Killed by divine providence
             ... invoked by an orc priest
              (13 damage)
             ... on level 3 of the Dungeon.
             The game lasted 00:02:39 (2341 turns).

Mrkan the Poker (Merfolk Gladiator)                 Turns: 2341, Time: 00:02:40

Health: -5/35      AC:  4    Str: 14    XL:     4   Next: 93%
Magic:  4/4        EV: 15    Int:  7    God:    Ru [......]
Gold:   106        SH:  0    Dex: 16    Spells: 3/3 levels left

rFire    . . .     SeeInvis .   a - +0 trident
rCold    . . .     Gourm    .   (no shield)
rNeg     . . .     Faith    .   b - +0 leather armour
rPois    .         Spirit   .   c - +0 helmet
rElec    .         Reflect  .   (no cloak)
rCorr    .         Harm     .   (no gloves)
MR       .....                  (no boots)
Stlth    +.........             (no amulet)
HPRegen  0.11/turn              (no ring)
MPRegen  0.09/turn              (no ring)

@: no status effects
A: change form in water, swift swim, stealthy swim
a: Renounce Religion


You were on level 3 of the Dungeon.
You worshipped Ru.
Ru was noncommittal.
You were not hungry.

You visited 1 branch of the dungeon, and saw 3 of its levels.

You collected 106 gold pieces.

Inventory:

Hand Weapons
 a - a +0 trident (weapon)
 g - a +2 spear of distortion
Missiles
 d - 3 throwing nets (quivered)
Armour
 b - a +0 leather armour (worn)
 c - a +0 helmet (worn)
Jewellery
 l - an uncursed ring of fire {unknown}
 q - a cursed amulet of inaccuracy {unknown}
Scrolls
 e - 5 scrolls of remove curse {unknown}
 h - a scroll of random uselessness {unknown}
 i - a scroll of immolation {unknown}
 j - 3 scrolls of identify {unknown}
 m - a scroll of teleportation {unknown}
 n - 2 scrolls of magic mapping {unknown}
 o - a scroll of blinking {unknown}
 p - a scroll of amnesia {unknown}
Potions
 k - a potion of haste {unknown}
 r - a potion of invisibility {unknown}
Comestibles
 f - 2 rations
 s - 2 chunks of flesh


   Skills:
 + Level 3.2 Fighting
 * Level 6.4 Polearms
 - Level 2.0 Throwing
 + Level 5.0 Dodging


You had 3 spell levels left.
You didn't know any spells.
Your spell library was empty.

Dungeon Overview and Level Annotations

Branches:
Dungeon (3/15)

Altars:
Ru


Message History

The orc priest completely misses you.
Things that are here:
a +0 flail; an orc corpse You closely miss the orc priest.
The orc priest invokes the aid of Beogh against you.
Pain shoots through your body!
* * * LOW HITPOINT WARNING * * *
You barely miss the orc priest. The orc priest misses you.
The orc wizard mumbles some strange words.
The orc wizard blinks!
You barely miss the orc priest.
The orc wizard casts a spell.
The orc wizard blinks!
The orc priest hits you but does no damage.
You hit the orc priest but do no damage.
The orc priest barely misses you.
You hit the orc priest but do no damage.
The orc priest calls down the wrath of Beogh upon you.
Beogh smites you!
You die...

. #..# ##
#..#
#.####..#
.........#
.#.#####.#
#.# #o#
#)# #@#
#o# .o#
####


You could see 2 orc priests and an orc wizard (fast).

Vanquished Creatures
  5 adders
  An ooze (D:2)
  A worm (D:2)
  A dart slug (D:1)
  4 leopard geckos
  2 orcs (D:3)
  2 giant cockroaches (D:1)
  6 goblins
  6 hobgoblins
  A quokka (D:2)
  10 bats
  4 frilled lizards
  10 kobolds
  2 rats
55 creatures vanquished.

Notes
Turn   | Place    | Note
-------+----------+-------------------------------------------
     0 | D:1      | Mrkan the Merfolk Gladiator began the quest for the Orb.
     0 | D:1      | Reached XP level 1. HP: 16/16 MP: 1/1
    59 | D:1      | Reached XP level 2. HP: 22/23 MP: 2/2
   398 | D:1      | Reached skill level 5 in Polearms
   839 | D:1      | Reached XP level 3. HP: 28/28 MP: 3/3
  1429 | D:2      | Found a sacrificial altar of Ru.
  1612 | D:2      | Reached XP level 4. HP: 33/34 MP: 4/4
  1711 | D:2      | Reached skill level 6 in Polearms
  2049 | D:2      | Became a worshipper of Ru the Awakened
  2209 | D:3      | Reached skill level 5 in Dodging
  2341 | D:3      | Killed from afar by an orc priest

Illustrated notes

Levels and vault maps discovered:
D:1:      minmay_arrival_four_houses, layout_basic
D:2:      layout_basic, nicolae_ru_awakened_eye
D:3:      layout_loops_ring, lemuel_tele_altar

Skill      XL: |  1  2  3  4 |
---------------+-------------+-----
Polearms       | 5 6 |  6.4
Fighting       | 3 |  3.2
Dodging        | 5 |  5.0
Throwing       | |  2.0

Action                   |  1- 3 |  4- 6 || total
-------------------------+-------+-------++-------
Melee: Trident           |   119 |    73 ||   192
 Stab: Sleeping          |     1 |       ||     1
  Eat: Chunk             |     2 |     3 ||     5
Armor: Leather armour    |    36 |    23 ||    59
Dodge: Dodged            |   122 |    60 ||   182
